[ AOE2 MATCH · #507080276 ]
UnrankedMuisca vs Hindustanis
Player's team · LOSS
[ REPLAY ANALYSIS · EXTRACTED FROM THE RECORDED GAME ]
Feudal
9:40
Castle
22:45
Imperial
—
| APM avg | 66.8 |
| APM peak | 101 |
| eAPM avg | 40.0 |
| Villagers / military | 145 / 59 |
Focus
⚔️ 49.1% · 🌾 50.9%
Unknown (2586) ×45 · Archer ×44 · Spearman ×9 · Unknown (2550) ×9 · Unknown (2562) ×7 · Monk ×5
Feudal
8:26
Castle
23:58
Imperial
42:05
| APM avg | 66.9 |
| APM peak | 107 |
| eAPM avg | 35.2 |
| Villagers / military | 145 / 136 |
Focus
⚔️ 51.5% · 🌾 48.5%
Ghulam ×81 · Scout Cavalry ×38 · Armored Elephant ×8 · Monk ×6 · Trebuchet (Packed) ×2 · Mangonel ×1
Match map
Initial resources + every placement click. Lines = walls · curves = elevation contours. ◆ gold · ⬟ stone · ● berries · ✦ relic · ◌ wall gap
Your base· Open — unwalled flank
Dennis哥's base· Open — unwalled flank
Smoothed initial terrain · ◌ = detected wall gap · hover for details
Inputs per minute
— Clearlove - - Dennis哥
Build order — Clearlove
First 150 of 437 actions detected
| 0:00 | Create | Villager (Male) |
| 0:00 | Create | Villager (Male) |
| 0:01 | Build | House |
| 0:02 | Build | House |
| 0:03 | Create | Villager (Male) |
| 0:08 | Create | Villager (Male) |
| 1:25 | Create | Villager (Male) |
| 1:26 | Create | Villager (Male) |
| 1:56 | Build | Settlement |
| 1:57 | Create | Villager (Male) |
| 2:11 | Create | Villager (Male) |
| 2:46 | Create | Villager (Male) |
| 3:08 | Create | Villager (Male) |
| 3:11 | Build | Settlement |
| 3:43 | Create | Villager (Male) |
| 4:01 | Create | Villager (Male) |
| 4:32 | Create | Villager (Male) |
| 4:53 | Create | Villager (Male) |
| 5:00 | Create | Villager (Male) |
| 5:13 | Create | Villager (Male) |
| 6:11 | Create | Villager (Male) |
| 6:39 | Research | Loom |
| 6:53 | Build | Barracks |
| 7:04 | Create | Villager (Male) |
| 7:27 | Research | Feudal Age |
| 7:34 | Build | Settlement |
| 7:54 | Create | Unit 2550 |
| 8:09 | Create | Unit 2550 |
| 8:57 | Build | Settlement |
| 9:00 | Create | Unit 2550 |
| 9:07 | Create | Villager (Male) |
| 9:30 | Create | Unit 2550 |
| 9:40 | Age | Feudal Age |
| 9:51 | Create | Villager (Male) |
| 9:54 | Research | Double-Bit Axe |
| 10:04 | Create | Unit 2550 |
| 10:07 | Create | Villager (Male) |
| 10:08 | Build | Archery Range |
| 10:15 | Build | Farm |
| 10:17 | Build | Farm |
| 10:19 | Create | Unit 2550 |
| 10:34 | Create | Villager (Male) |
| 10:36 | Create | Spearman |
| 10:42 | Create | Villager (Male) |
| 10:44 | Build | Palisade Wall |
| 10:45 | Build | Palisade Wall |
| 10:50 | Build | House |
| 10:53 | Build | Palisade Wall |
| 10:59 | Create | Villager (Male) |
| 11:03 | Build | Farm |
| 11:05 | Create | Archer |
| 11:09 | Create | Unit 2550 |
| 11:15 | Build | Palisade Wall |
| 11:16 | Build | Palisade Wall |
| 11:18 | Build | Palisade Wall |
| 11:26 | Build | Palisade Wall |
| 11:26 | Build | Palisade Wall |
| 11:28 | Build | Palisade Wall |
| 11:31 | Create | Villager (Male) |
| 11:33 | Build | Farm |
| 11:42 | Create | Archer |
| 11:45 | Create | Unit 2550 |
| 11:49 | Build | Farm |
| 12:03 | Create | Villager (Male) |
| 12:06 | Build | Farm |
| 12:13 | Create | Archer |
| 12:32 | Create | Villager (Male) |
| 12:46 | Create | Villager (Male) |
| 12:57 | Build | Farm |
| 13:12 | Create | Archer |
| 13:15 | Research | Tech 1402 |
| 13:20 | Build | Palisade Wall |
| 13:30 | Build | Farm |
| 13:38 | Create | Villager (Male) |
| 13:43 | Create | Archer |
| 13:47 | Build | Farm |
| 13:49 | Build | Palisade Wall |
| 14:00 | Create | Archer |
| 14:03 | Create | Villager (Male) |
| 14:07 | Build | House |
| 14:09 | Build | House |
| 14:12 | Create | Archer |
| 14:16 | Create | Villager (Male) |
| 14:32 | Build | Blacksmith |
| 14:38 | Create | Villager (Male) |
| 14:45 | Create | Archer |
| 14:48 | Create | Archer |
| 14:50 | Build | Farm |
| 14:52 | Build | Farm |
| 15:03 | Build | Farm |
| 15:25 | Research | Fletching |
| 15:44 | Create | Villager (Male) |
| 15:45 | Create | Villager (Male) |
| 15:49 | Create | Spearman |
| 16:08 | Create | Archer |
| 16:12 | Build | Farm |
| 16:12 | Create | Villager (Male) |
| 16:23 | Build | Farm |
| 16:25 | Create | Archer |
| 16:39 | Build | House |
| 16:41 | Create | Archer |
| 16:44 | Build | House |
| 16:47 | Create | Archer |
| 16:53 | Build | Farm |
| 16:56 | Create | Spearman |
| 16:59 | Build | Palisade Wall |
| 17:06 | Create | Villager (Male) |
| 17:24 | Create | Spearman |
| 17:26 | Create | Villager (Male) |
| 17:33 | Create | Archer |
| 17:35 | Create | Villager (Male) |
| 17:45 | Create | Archer |
| 17:48 | Build | House |
| 17:49 | Build | House |
| 17:53 | Build | Farm |
| 18:03 | Build | Farm |
| 18:11 | Create | Villager (Male) |
| 18:14 | Build | House |
| 18:18 | Create | Archer |
| 18:32 | Create | Archer |
| 18:36 | Build | Palisade Wall |
| 18:37 | Build | Palisade Wall |
| 18:39 | Build | Palisade Wall |
| 18:42 | Create | Spearman |
| 18:48 | Create | Villager (Male) |
| 19:03 | Create | Archer |
| 19:11 | Build | Watch Tower |
| 19:18 | Build | Farm |
| 19:21 | Build | Settlement |
| 19:28 | Create | Villager (Male) |
| 19:31 | Create | Spearman |
| 19:32 | Create | Archer |
| 19:48 | Research | Scale Mail Armor |
| 20:05 | Research | Castle Age |
| 20:07 | Create | Archer |
| 20:11 | Build | House |
| 20:19 | Create | Spearman |
| 20:22 | Research | Horse Collar |
| 20:25 | Create | Villager (Male) |
| 20:26 | Build | Farm |
| 20:32 | Research | Scale Mail Armor |
| 20:32 | Research | Scale Mail Armor |
| 20:34 | Create | Archer |
| 20:40 | Create | Villager (Male) |
| 20:42 | Build | House |
| 20:48 | Build | Farm |
| 21:00 | Research | Gold Mining |
| 21:00 | Research | Gold Mining |
| 21:03 | Build | Palisade Wall |
| 21:20 | Build | Palisade Wall |
Build order — Dennis哥
First 150 of 458 actions detected
| 0:01 | Create | Villager (Male) ×4 |
| 0:02 | Build | House |
| 0:03 | Build | House |
| 1:07 | Create | Villager (Male) |
| 1:07 | Create | Villager (Male) |
| 1:29 | Create | Villager (Male) |
| 1:59 | Create | Villager (Male) |
| 2:10 | Build | Mill |
| 2:16 | Create | Villager (Male) |
| 2:47 | Create | Villager (Male) |
| 3:15 | Create | Villager (Male) |
| 3:15 | Create | Villager (Male) |
| 3:17 | Create | Villager (Male) |
| 3:43 | Create | Villager (Male) |
| 3:53 | Build | House |
| 4:01 | Create | Villager (Male) |
| 4:49 | Create | Villager (Male) |
| 4:54 | Create | Villager (Male) |
| 5:17 | Build | Lumber Camp |
| 5:30 | Research | Loom |
| 6:12 | Research | Feudal Age |
| 6:53 | Create | Villager (Male) |
| 7:00 | Build | House |
| 7:42 | Build | Barracks |
| 8:26 | Age | Feudal Age |
| 8:27 | Build | Stable |
| 8:32 | Create | Villager (Male) |
| 9:05 | Create | Villager (Male) |
| 9:07 | Build | House |
| 9:10 | Create | Scout Cavalry |
| 9:12 | Research | Double-Bit Axe |
| 9:21 | Create | Villager (Male) |
| 9:38 | Build | Mill |
| 9:43 | Create | Scout Cavalry |
| 9:51 | Create | Villager (Male) |
| 10:02 | Create | Scout Cavalry |
| 10:04 | Create | Villager (Male) |
| 10:05 | Build | Farm |
| 10:14 | Build | House |
| 10:25 | Build | Farm |
| 10:26 | Build | House |
| 10:27 | Build | Palisade Wall |
| 10:43 | Create | Villager (Male) |
| 10:45 | Build | House |
| 10:48 | Build | Farm |
| 10:59 | Build | Palisade Wall |
| 11:00 | Build | Palisade Wall |
| 11:00 | Build | Palisade Wall |
| 11:05 | Create | Scout Cavalry |
| 11:07 | Build | Farm |
| 11:13 | Create | Villager (Male) |
| 11:15 | Build | Palisade Wall |
| 11:26 | Build | Palisade Wall |
| 11:36 | Create | Scout Cavalry |
| 11:44 | Create | Villager (Male) |
| 11:45 | Build | Farm |
| 11:47 | Build | Farm |
| 11:48 | Build | Farm |
| 12:08 | Build | Farm |
| 12:14 | Create | Villager (Male) |
| 12:15 | Create | Scout Cavalry |
| 12:16 | Build | Farm |
| 12:22 | Build | Palisade Wall |
| 12:28 | Build | Farm |
| 12:46 | Create | Villager (Male) |
| 12:50 | Create | Scout Cavalry |
| 13:03 | Research | Horse Collar |
| 13:03 | Research | Horse Collar |
| 13:15 | Create | Villager (Male) |
| 13:17 | Build | Farm |
| 13:18 | Build | Farm |
| 13:31 | Create | Villager (Male) |
| 13:34 | Build | House |
| 13:49 | Build | Blacksmith |
| 13:54 | Create | Villager (Male) |
| 14:03 | Research | Bloodlines |
| 14:11 | Create | Villager (Male) |
| 14:15 | Build | House |
| 14:23 | Build | Farm |
| 14:25 | Build | Farm |
| 14:46 | Create | Villager (Male) |
| 14:50 | Build | Farm |
| 14:55 | Build | Farm |
| 15:00 | Create | Scout Cavalry |
| 15:04 | Create | Villager (Male) |
| 15:07 | Build | House |
| 15:11 | Research | Scale Barding Armor |
| 15:38 | Create | Villager (Male) |
| 15:44 | Create | Scout Cavalry |
| 15:54 | Build | House |
| 16:06 | Create | Villager (Male) |
| 16:08 | Build | Stable |
| 16:19 | Build | Mining Camp |
| 16:32 | Create | Villager (Male) |
| 16:33 | Research | Forging |
| 16:34 | Create | Scout Cavalry |
| 16:38 | Build | Mining Camp |
| 16:39 | Create | Villager (Male) |
| 16:57 | Create | Scout Cavalry |
| 16:58 | Create | Villager (Male) |
| 17:19 | Create | Scout Cavalry |
| 17:35 | Build | Farm |
| 17:36 | Build | Farm |
| 17:48 | Create | Villager (Male) |
| 17:54 | Research | Loom |
| 17:56 | Create | Scout Cavalry |
| 17:56 | Create | Scout Cavalry |
| 18:00 | Build | Lumber Camp |
| 18:01 | Create | Villager (Male) |
| 18:23 | Build | Watch Tower |
| 18:28 | Create | Scout Cavalry |
| 18:28 | Create | Scout Cavalry |
| 18:29 | Create | Villager (Male) |
| 18:32 | Build | Farm |
| 18:35 | Build | Farm |
| 18:56 | Create | Villager (Male) |
| 19:01 | Create | Scout Cavalry |
| 19:15 | Build | Farm |
| 19:17 | Build | Farm |
| 19:30 | Build | Watch Tower |
| 19:47 | Build | Watch Tower |
| 19:50 | Research | Fletching |
| 19:52 | Create | Villager (Male) |
| 20:03 | Build | Market |
| 20:13 | Create | Villager (Male) |
| 20:22 | Research | Wheelbarrow |
| 20:22 | Research | Wheelbarrow |
| 20:25 | Create | Villager (Male) |
| 20:53 | Create | Villager (Male) |
| 21:12 | Research | Castle Age |
| 21:33 | Build | Farm |
| 21:34 | Build | Farm |
| 21:34 | Build | Farm |
| 21:43 | Create | Villager (Male) |
| 21:53 | Create | Scout Cavalry |
| 21:54 | Create | Scout Cavalry |
| 22:14 | Create | Scout Cavalry |
| 22:14 | Create | Scout Cavalry |
| 22:28 | Create | Scout Cavalry |
| 22:41 | Create | Scout Cavalry |
| 22:48 | Build | Farm |
| 22:53 | Build | Stable |
| 23:09 | Create | Scout Cavalry |
| 23:41 | Create | Scout Cavalry |
| 23:42 | Create | Scout Cavalry |
| 23:42 | Create | Scout Cavalry |
| 23:43 | Build | Farm |
| 23:45 | Build | Farm |
| 23:52 | Build | Farm |
| 23:53 | Build | Farm |
Match timeline
| 6:53 | Clearlove · first_building Barracks |
| 7:42 | Dennis哥 · first_building Barracks |
| 8:26 | Dennis哥 · age_up feudal |
| 8:27 | Dennis哥 · first_building Stable |
| 9:40 | Clearlove · age_up feudal |
| 10:08 | Clearlove · first_building Archery Range |
| 10:27 | Dennis哥 · wall_segment Palisade Wall x1 |
| 10:44 | Clearlove · wall_segment Palisade Wall x1 |
| 10:45 | Clearlove · wall_segment Palisade Wall x1 |
| 10:53 | Clearlove · wall_segment Palisade Wall x1 |
| 10:59 | Dennis哥 · wall_segment Palisade Wall x1 |
| 11:00 | Dennis哥 · wall_segment Palisade Wall x1 |
| 11:00 | Dennis哥 · wall_segment Palisade Wall x1 |
| 11:15 | Dennis哥 · wall_segment Palisade Wall x4 |
| 11:15 | Clearlove · wall_segment Palisade Wall x1 |
| 11:16 | Clearlove · wall_segment Palisade Wall x1 |
| 11:18 | Clearlove · wall_segment Palisade Wall x1 |
| 11:26 | Clearlove · wall_segment Palisade Wall x1 |
| 11:26 | Dennis哥 · wall_segment Palisade Wall x1 |
| 11:26 | Clearlove · wall_segment Palisade Wall x1 |
| 11:28 | Clearlove · wall_segment Palisade Wall x1 |
| 12:22 | Dennis哥 · wall_segment Palisade Wall x9 |
| 13:20 | Clearlove · wall_segment Palisade Wall x1 |
| 13:49 | Clearlove · wall_segment Palisade Wall x1 |
| 16:59 | Clearlove · wall_segment Palisade Wall x6 |
| 18:36 | Clearlove · wall_segment Palisade Wall x1 |
| 18:37 | Clearlove · wall_segment Palisade Wall x1 |
| 18:39 | Clearlove · wall_segment Palisade Wall x1 |
| 21:03 | Clearlove · wall_segment Palisade Wall x1 |
| 21:20 | Clearlove · wall_segment Palisade Wall x1 |
| 21:21 | Clearlove · wall_segment Palisade Wall x1 |
| 21:22 | Clearlove · wall_segment Palisade Wall x1 |
| 22:09 | Clearlove · wall_segment Palisade Wall x1 |
| 22:11 | Clearlove · wall_segment Palisade Wall x1 |
| 22:13 | Clearlove · wall_segment Palisade Wall x1 |
| 22:16 | Clearlove · wall_segment Palisade Wall x1 |
| 22:17 | Clearlove · wall_segment Palisade Wall x1 |
| 22:18 | Clearlove · wall_segment Palisade Wall x3 |
| 22:45 | Clearlove · age_up castle |
| 23:58 | Dennis哥 · age_up castle |
| 25:15 | Dennis哥 · first_building Siege Workshop |
| 25:43 | Clearlove · wall_segment Palisade Wall x1 |
| 25:51 | Dennis哥 · wall_segment Palisade Wall x1 |
| 26:37 | Dennis哥 · first_building Monastery |
| 28:43 | Clearlove · first_building Monastery |
| 28:50 | Dennis哥 · first_building Castle |
| 29:40 | Clearlove · wall_segment Palisade Wall x1 |
| 31:49 | Clearlove · wall_segment Palisade Wall x1 |
| 34:55 | Dennis哥 · first_market_buy 100 wood |
| 37:56 | Clearlove · first_building Castle |
| 40:01 | Clearlove · first_market_buy 100 food |
| 42:05 | Dennis哥 · age_up imperial |
| 42:52 | Dennis哥 · first_market_sell 100 wood |
| 43:00 | Clearlove · resign |
[ AI ANALYSIS · 1 CREDIT ]
What really happened in this match?
Wolo.gg analyzes every decision: build order, eco, micro, common mistakes by bracket. Personalized analysis on WhatsApp or Discord in 30 seconds.
Civ guide
Muisca
Perfil
Jugador #7240746